 Dungeon Crawl Stone Soup version 0.31-a0-16-g6d2539766c (webtiles) character file.

Game seed: 2871794682752443500

30 ytrimaz the Chiller (level 3, -41/24 HPs)
             Began as a Demonspawn Ice Elementalist on May 8, 2023.
             Killed by an exploding cerulean imp (45 damage)
             ... ignited by their inner flame
             ... on level 2 of the Dungeon.
             The game lasted 00:01:45 (1077 turns).

ytrimaz the Chiller (Demonspawn Ice Elementalist)   Turns: 1077, Time: 00:01:45

Health: -41/24     AC:  3    Str:  7 (8)  XL:     3   Next: 5%
Magic:  3/7        EV: 12    Int: 16 (18) God:
Gold:   49         SH:  0    Dex: 12 (13) Spells: 7/8 levels left

rFire   . . .        (no weapon)
rCold   . . .        (no shield)
rNeg    . . .        a - +0 robe
rPois   .            (helmet restricted)
rElec   .            (no cloak)
rCorr   .            g - +0 pair of gloves
SInv    .            (no boots)
Will    .....        (no amulet)
Stlth   ++           (no ring)
HPRegen 0.24/turn    (no ring)
MPRegen 0.10/turn

%: no passive effects
@: slowed, very slow
A: antennae 1, spiny 1
a: no special abilities


You were on level 2 of the Dungeon.
You visited 1 branch of the dungeon, and saw 2 of its levels.

You collected 49 gold pieces.


Innate Abilities, Weirdness & Mutations

You have a pair of small antennae on your head.
You are partially covered in sharp spines.


   Skills:
 - Level 1.7 Dodging
 - Level 1.7 Stealth
 * Level 3.0 Spellcasting
 + Level 3.9 Ice Magic


You had 7 spell levels left.
You knew the following spells:

 Your Spells              Type           Power      Damage    Failure   Level
a - Freeze                Ice            60%        1d7       3%          1

Your spell library contained the following spells:

 Spells                   Type           Power      Damage    Failure   Level
 Frozen Ramparts          Ice            30%        1d5       11%         3
 Ozocubu's Armour         Ice            15%        N/A       11%         3
 Shock                    Conj/Air       8%         1d3       19%         1
 Swiftness                Air            2%         N/A       50%         3
 Volatile Blastmotes      Fire/Tloc      4%         2d10      50%         3
 Summon Ice Beast         Ice/Summ       8%         N/A       63%         4
 Airstrike                Air            1%         2d(1-17)  88%         4
 Fulminant Prism          Conj/Hex       1%         3d5       88%         4
 Iskenderun's Mystic Bla  Conj/Tloc      2%         2d3       88%         4
 Lee's Rapid Deconstruct  Erth           1%         3d4*      99%         5

Inventory:

Missiles
 k - 5 curare-tipped darts
Armour
 a - a +0 robe (worn)
 g - a +0 pair of gloves (worn)
   (You found it on level 1 of the Dungeon)
Scrolls
 c - 2 scrolls of brand weapon {unknown}
 d - a scroll of immolation
 f - 2 scrolls of identify {unknown}
 h - a scroll of noise {unknown}
 j - a scroll of amnesia {unknown}
 l - a scroll of butterflies {unknown}
Potions
 b - a potion of magic

Dungeon Overview and Level Annotations

Branches:
Dungeon (2/15) Zot: 10918

Altars:

..........#J...
##..........#....
.............?...
...........=.....
................#
......:.†.......#
........§§###.###
.......§○........
.......§§@.......
.........>)......
##.######.##.....
#.# ..... #.#
#### #[# #.#
#####.# #.....#


There were no monsters in sight!


Message History

An endoplasm comes into view.
An endoplasm is nearby!
An endoplasm is nearby!
Natasha, Servant of Life and Death comes into view.
The endoplasm quivers.
You freeze the endoplasm. The endoplasm freezes you.
You are frozen. 😕 HP[-3] MP[-1]
You take 3 damage, and now have 16/19 hp.
You lost 1 mp, and now have 4/5 mp.
Unknown command.
You freeze the endoplasm.
You kill the endoplasm!
Your Spellcasting skill increases to level 3!
You have reached level 3!
Your experience leads to an increase in your attributes!
Increase (S)trength, (I)ntelligence, or (D)exterity?
You feel clever. x2; Your demonic ancestry asserts itself...
A pair of antennae grows on your head!
Your +0 helmet falls away! 😕 HP[+4] MP[-1]
You now have 24 max hp (+5).
You regained 4 hp, and now have 20/24 hp.
You drop a +0 helmet. 😕 HP[+1]
A bat comes into view.
There is a stone staircase leading down here. 😕 HP[+1]
A bat is nearby!
Unknown command.
The bat hits you.
Natasha mumbles some strange words. 😕 HP[-1]
You take 1 damage, and now have 21/24 hp.
A rat comes into view.
The cerulean imp shouts!
An endoplasm comes into view.
The bat is struck by your spines.
You kill the bat! 😕 MP[+1] Natasha stares at you and mumbles some strange words.
You feel yourself slow down. 😕 HP[+1]
A hobgoblin comes into view.
Natasha attacks as you move away! Natasha claws you.
Natasha barely misses you. 😮 HP[-5]
You take 5 damage, and now have 17/24 hp.
MASSIVE DAMAGE!! (PAUSE)
Aiming: Freeze (safe; 3% risk of failure)
Press: ? - help, Q - select action, (/) - cycle Shift-Dir - straight line, f - Natasha
Aim: Natasha You freeze Natasha.
The cerulean imp barely misses you. Natasha casts a spell at you.
The magic dart hits you!
* * * LOW HITPOINT WARNING * * *
The cerulean imp misses you. 😨 HP[-8] MP[-1]
You take 8 damage, and now have 9/24 hp.
MASSIVE DAMAGE!! (PAUSE)
You lost 1 mp, and now have 3/7 mp.
Aiming: Freeze (safe; 3% risk of failure)
Press: ? - help, Q - select action, (/) - cycle Shift-Dir - straight line, f/p - Natasha
Aim: Natasha (lightly wounded)
You freeze Natasha. Natasha is struck by your spines.
Natasha closely misses you.
The cerulean imp hits you from afar with a +0 spear.
* * * LOW HITPOINT WARNING * * *
Natasha casts a spell. 😱 HP[-3] MP[-1]
You take 3 damage, and now have 6/24 hp.
You lost 1 mp, and now have 2/7 mp.
Unknown command.
Unknown command.
It was a potion of degeneration.
There was something very wrong with that liquid.
You feel weakened.
You feel dopey.
You feel clumsy. The cerulean imp closely misses you.
Natasha claws you but does no damage.
The cerulean imp closely misses you. x2 😨 HP[+1] MP[+1] Unknown command.
As you read the scroll labelled APPEWUMASA, it crumbles to dust.
The creatures around you are filled with an inner flame!
It was a scroll of immolation.
Natasha closely misses you.
The cerulean imp is struck by your spines.
Flame seeps out of the cerulean imp.
The cerulean imp hits you but does no damage.
The cerulean imp hits you from afar with a +0 spear.
* * * LOW HITPOINT WARNING * * *
Natasha barely misses you.
The cerulean imp is engulfed in blazing flames.
The cerulean imp disappears in a puff of smoke!
The cerulean imp explodes!
The fiery explosion engulfs Natasha!!
Natasha growls in agony!
The cerulean imp disappears in a puff of smoke!
The fiery explosion engulfs you!!!
Ouch! That really hurt!
You die...

Skill      XL: |  1  2 |
---------------+-------+-----
Spellcasting   | 3 |  3.0
Dodging        | |  1.7
Stealth        | |  1.7
Ice Magic      | |  3.9

Action                     || total
---------------------------++-------
  Melee: Unarmed           ||    36
         Punch             ||     1
   Cast: Freeze            ||    36
    Use: Scroll            ||     1
         Potion            ||     1
   Stab: Sleeping          ||     1
 Armour: Robe              ||    21
  Dodge: Dodged            ||    65

Levels and vault maps discovered:
D:1:      dpeg_arrival_ratfight, layout_basic, amethyst_killhole
D:2:      layout_basic, minmay_puff, uniq_natasha

Notes
Turn   | Place    | Note
-------+----------+-------------------------------------------
     0 | D:1      | ytrimaz the Demonspawn Ice Elementalist began the quest for
                  | the Orb.
     0 | D:1      | Reached XP level 1. HP: 13/13 MP: 3/3
     0 | D:1      | magus.rc [v1.9.6]
     1 | D:1      | You pick up a book of Air and begin reading...
     1 | D:1      | You add the spells Shock, Swiftness and Airstrike to your
                  | library.
   232 | D:1      | Gained mutation: You are partially covered in sharp spines.
                  | [demonic ancestry]
   232 | D:1      | Reached XP level 2. HP: 14/19 MP: 1/5
   948 | D:2      | You pick up a book of Blasting and begin reading...
   948 | D:2      | You add the spells Volatile Blastmotes, Fulminant Prism,
                  | Iskenderun's Mystic Blast and Lee's Rapid Deconstruction to
                  | your library.
  1052 | D:2      | Noticed Natasha
  1062 | D:2      | Reached skill level 3 in Spellcasting
  1062 | D:2      | Gained mutation: You have a pair of small antennae on your
                  | head. [demonic ancestry]
  1062 | D:2      | Reached XP level 3. HP: 20/24 MP: 3/7
  1075 | D:2      | HP: 6/24 [cerulean imp/+0 spear[Natasha] (3)]
  1077 | D:2      | Killed Natasha
  1077 | D:2      | Killed by an exploding cerulean imp... ignited by their
                  | inner flame

Vanquished Creatures
  Natasha (D:2)
  2 ball pythons (D:1)
  2 endoplasms
  A giant cockroach (D:1)
  4 hobgoblins
  4 kobolds
  2 quokkas (D:1)
  3 bats
  3 frilled lizards (D:1)
  A goblin (D:1)
  8 rats
31 creatures vanquished.

Table legend:
 A = Non-vault XP
 B = Vault XP
 C = Vault XP percentage of total XP
 D = Non-vault monster count
 E = Vault monster count
 F = Vault count percentage of total count
                 A         B        C        D         E       F
            +---------+---------+-------+---------+---------+-------
      Total |      39 |      38 |  49.4 |      25 |       6 |  19.4
            +---------+---------+-------+---------+---------+-------
        D:1 |      31 |       5 |  13.9 |      20 |       5 |  20.0
        D:2 |       8 |      33 |  80.5 |       5 |       1 |  16.7
            +---------+---------+-------+---------+---------+-------

Skill      XL: |  1  2 |
---------------+-------+-----
Spellcasting   | 3 |  3.0
Dodging        | |  1.7
Stealth        | |  1.7
Ice Magic      | |  3.9

Action                     || total
---------------------------++-------
  Melee: Unarmed           ||    36
         Punch             ||     1
   Cast: Freeze            ||    36
    Use: Scroll            ||     1
         Potion            ||     1
   Stab: Sleeping          ||     1
 Armour: Robe              ||    21
  Dodge: Dodged            ||    65

Illustrated notes

Table legend:
 A = Kills in this place as a percentage of kills in the entire game.
 B = Kills by you in this place as a percentage of kills by you in the entire game.
 C = Kills by friends in this place as a percentage of kills by friends in the entire game.
 D = Other kills in this place as a percentage of other kills in the entire game.
 E = Experience gained in this place as a percentage of experience gained in the entire game.
 F = Experience gained in this place divided by the number of levels of this place that you have seen.
                   A       B       C       D       E      F
               +-------+-------+-------+-------+-------+----------------------
         Total | 100.0 | 100.0 |   N/A |   N/A | 100.0 |  38.5
       Dungeon | 100.0 | 100.0 |   N/A |   N/A | 100.0 |  38.5
               +-------+-------+-------+-------+-------+----------------------

Table legend: (Time is in decaauts)
 A = Elapsed time spent in this place.
 B = Non-inter-level travel time spent in this place.
 C = Inter-level travel time spent in this place.
 D = Time resting spent in this place.
 E = Time spent auto-exploring this place.
 F = Levels seen in this place.
 G = Mean time per level.
                   A        B        C        D        E       F      G
               +--------+--------+--------+--------+--------+-----+--------+
         Total |   1079 |   1038 |     41 |      0 |    774 |   2 |  539.5 |
       Dungeon |   1079 |   1038 |     41 |      0 |    774 |   2 |  539.5 |
               +--------+--------+--------+--------+--------+-----+--------+

Top non-repeatable levels by time:
     D:1: 920 daAuts
     D:2: 159 daAuts
